Rangers vs Canucks
Created - May 13, 2020 at 19:39
Goals
|
Rangers |
1 |
3 |
0 |
4 |
Canucks |
1 |
4 |
0 |
5 |
|
Shots
|
Rangers |
7 |
20 |
6 |
33 |
Canucks |
5 |
8 |
3 |
16 |
|
1st period
1. Canucks , Brandon Sutter 22 (Drew Fata 31, Jamie McBain 64) at 6:06
2. Rangers , James Neal 28 (Sean Couturier 23, Frederik Andersen) at 16:29
Penalties :
Jeremy Morin (Van) for Holding (Minor) at 10:38, Sean Couturier (NYR) for High sticking (Minor) at 14:15
2nd period
3. Canucks , Robert Nilsson 36 (Jamie McBain 65) at 0:26
4. Canucks , Jason Zucker 19 (Loui Eriksson 28, Robert Nilsson 55) at 7:19 (PP)
5. Rangers , Kyle Okposo 31 (Sean Couturier 24, James Neal 30) at 9:43 (PP)
6. Rangers , Chris Bourque 15 (Matt Greene 12, Patrice Bergeron 43) at 11:14
7. Canucks , Brandon Sutter 23 (Colton Gillies 2, Jamie McBain 66) at 14:05
8. Rangers , Kyle Okposo 32 (James Neal 31, Colten Teubert 10) at 14:24
9. Canucks , Jeremy Morin 11 (Tyler Toffoli 29) at 19:48
Penalties :
Patrice Bergeron (NYR) for Hooking (Minor) at 0:37, James Neal (NYR) for Hooking (Minor) at 6:37, Jordie Benn (Van) for Hooking (Minor) at 9:35, Colton Gillies (Van) for Hooking (Minor) at 11:29
3rd period
No Goal
Penalties :
Jonathan Blum (Van) for Hooking (Minor) at 3:33, Colton Gillies (Van) for Tripping (Minor) at 14:30
Goalie Stats
Frederik Andersen (NYR), 11 saves from 16 shots - (0.688), L, 37-24-7, 59:16 minutes
Martin Jones (Van), 29 saves from 33 shots - (0.879), W, 4-7-1, 60:00 minutes
Players Stats for Rangers
Player Name G A P +/- PIM S H SB GA TA FO MP PP MP PK MP
------------------------------------------------------------------------------------
Alexei Emelin 0 0 0 -1 0 1 2 1 0 1 0/0 13:16 0:00 0:00
Artem Anisimov 0 0 0 -1 0 0 0 0 0 0 0/0 2:11 0:00 0:00
Cam Barker 0 0 0 -1 0 1 0 2 1 3 0/0 27:46 5:05 2:50
Chris Bourque 1 0 1 2 0 1 0 0 1 1 0/0 13:07 0:00 1:39
Colten Teubert 0 1 1 1 0 2 3 1 0 1 0/0 18:58 2:59 1:50
Jakob Silfverberg 0 0 0 -2 0 5 0 0 0 0 0/1 21:00 4:12 0:54
James Neal 1 2 3 1 2 9 0 0 1 0 2/2 19:08 3:52 1:03
Kyle Okposo 2 0 2 1 0 4 4 2 0 0 0/0 19:03 3:52 0:54
Mark Fistric 0 0 0 -1 0 3 1 2 0 1 0/0 27:46 5:05 2:50
Matt Greene 0 1 1 1 0 1 1 0 0 2 0/0 18:58 2:59 1:50
Matt Read 0 0 0 2 0 1 1 1 0 1 0/0 11:25 0:00 0:00
Maxime Sauvé 0 0 0 -2 0 0 0 0 0 0 1/3 5:36 0:00 0:00
Milan Lucic 0 0 0 -3 0 3 3 0 2 1 3/4 26:52 4:12 2:37
Patrice Bergeron 0 1 1 -2 2 1 2 0 0 1 6/24 21:19 4:12 1:26
Patrik Nemeth 0 0 0 -1 0 0 0 0 0 1 0/0 13:16 0:00 0:00
Sean Couturier 0 2 2 1 2 1 4 1 0 1 9/20 18:52 3:52 0:47
Steve Quailer 0 0 0 -2 0 0 0 0 1 0 0/0 5:46 0:00 0:00
Tomas Hertl 0 0 0 2 0 0 1 0 0 0 3/5 10:58 0:00 0:00
Players Stats for Canucks
Player Name G A P +/- PIM S H SB GA TA FO MP PP MP PK MP
------------------------------------------------------------------------------------
Andy Rogers 0 0 0 1 0 0 1 0 0 0 0/0 13:46 2:16 3:28
Brandon Saad 0 0 0 0 0 0 0 0 0 0 0/0 3:04 0:00 1:26
Brandon Sutter 2 0 2 1 0 2 0 0 0 0 0/3 12:08 0:00 2:12
Colton Gillies 0 1 1 0 4 0 3 1 2 0 0/0 18:40 0:13 0:00
Drew Fata 0 1 1 2 0 1 0 1 1 2 0/0 28:57 2:24 4:36
Jack Skille 0 0 0 -1 0 0 1 0 0 0 1/1 20:32 0:00 1:54
Jamie McBain 0 3 3 3 0 2 0 2 1 1 0/0 25:08 2:24 4:36
Jason Zucker 1 0 1 1 0 2 2 0 1 1 0/0 15:02 1:48 0:00
Jeremy Morin 1 0 1 1 2 1 0 1 1 0 0/0 15:13 1:48 0:00
Jonathan Blum 0 0 0 -1 2 0 0 2 0 0 7/13 18:59 0:00 0:00
Jordie Benn 0 0 0 -1 2 2 1 1 0 1 0/0 18:28 0:00 0:00
Kurtis Foster 0 0 0 0 0 1 2 1 2 0 0/1 22:26 2:16 3:20
Loui Eriksson 0 1 1 0 0 0 1 1 2 0 0/1 6:20 2:52 2:12
Marc Savard 0 0 0 -1 0 1 2 0 2 0 3/3 13:13 1:48 4:04
Pierre-Luc Létourneau 0 0 0 2 0 1 2 0 0 1 1/3 12:34 0:13 0:00
Robert Nilsson 1 1 2 0 0 2 0 1 0 0 22/33 24:42 2:39 4:20
Theo Peckham 0 0 0 -1 0 0 1 1 0 0 0/0 10:10 0:00 0:08
Tyler Toffoli 0 1 1 -1 0 1 3 0 2 0 1/1 12:29 2:39 0:00
3 Stars
1 - Kyle Okposo (NYR)
2 - Jamie McBain (Van)
3 - Brandon Sutter (Van)
Power Play
Rangers - 1 on 5 Attempt(s) - 20.00%
Canucks - 1 on 3 Attempt(s) - 33.33%
Penalty Kill
Rangers - 2 on 3 Attempt(s) - 66.67%
- Score 0 goal in Penalty Kill
Canucks - 4 on 5 Attempt(s) - 80.00%
- Score 0 goal in Penalty Kill
Team Stat
Rangers - Hits : 22 - Faceoff Wins : 24 - Blocked Shots : 10 - Penalty Minutes : 6
Canucks - Hits : 19 - Faceoff Wins : 35 - Blocked Shots : 12 - Penalty Minutes : 10
Official
Referees : Unknown
Linesman : Unknown
Game Notes
No Game Note
Finance
Level 1 -- Attendance: 6000 (100.00%) -- Ticket Income $498,000
Level 2 -- Attendance: 5000 (100.00%) -- Ticket Income $245,000
Level 3 -- Attendance: 1964 (98.20%) -- Ticket Income $66,776
Level 4 -- Attendance: 3986 (99.65%) -- Ticket Income $67,762
Luxury Box -- Attendance: 1000 (100.00%) -- Ticket Income $98,000
Game was played at the Budweiser Coliseum.
Total Attendance: 17950 (99.72%)
Total Ticket Income: $975,538
Other Income: $146,331
Total Income: $1,121,869
Rangers
5 vs 5 Forward
Center Left Wing Right Wing Time % Phy DF OF
1 Patrice Bergeron Milan Lucic Jakob Silfverberg 40 1 2 2
2 Sean Couturier James Neal Kyle Okposo 30 1 2 2
3 Tomas Hertl Chris Bourque Matt Read 20 1 2 2
4 Maxime Sauvé Milan Lucic Steve Quailer 10 1 2 2
5 vs 5 Defense
Defense Defense Time % Phy DF OF
1 Cam Barker Mark Fistric 40 1 2 2
2 Matt Greene Colten Teubert 30 1 2 2
3 Alexei Emelin Patrik Nemeth 20 1 2 2
4 Cam Barker Mark Fistric 10 1 2 2
PowerPlay Forward
Center Left Wing Right Wing Time % Phy DF OF
1 Patrice Bergeron Milan Lucic Jakob Silfverberg 60 1 2 2
2 Sean Couturier James Neal Kyle Okposo 40 1 2 2
PowerPlay Defense
Defense Defense Time % Phy DF OF
1 Cam Barker Mark Fistric 60 1 2 2
2 Matt Greene Colten Teubert 40 1 2 2
Penalty Kill 4 Players Forward
Center Wing Time % Phy DF OF
1 Milan Lucic Patrice Bergeron 60 1 2 2
2 Jakob Silfverberg Kyle Okposo 40 1 2 2
Penalty Kill 4 Players Defense
Defense Defense Time % Phy DF OF
1 Cam Barker Mark Fistric 60 1 2 2
2 Matt Greene Colten Teubert 40 1 2 2
Penalty Kill - 3 Players Forward
Forward Time % Phy DF OF
1 Milan Lucic 60 1 2 2
2 Patrice Bergeron 40 1 2 2
Penalty Kill - 3 Players Defense
Defense Defense Time % Phy DF OF
1 Cam Barker Mark Fistric 60 1 2 2
2 Matt Greene Colten Teubert 40 1 2 2
4 vs 4 Forward
Center Wing Time % Phy DF OF
1 Milan Lucic Patrice Bergeron 60 1 2 2
2 Jakob Silfverberg Kyle Okposo 40 1 2 2
4 vs 4 Defense
Defense Defense Time % Phy DF OF
1 Cam Barker Mark Fistric 60 1 2 2
2 Matt Greene Colten Teubert 40 1 2 2
Last Minutes Offensive
Center Left Wing Right Wing Defense Defense
Patrice Bergeron Milan Lucic Jakob Silfverberg Cam Barker Mark Fistric
Last Minutes Defensive
Center Left Wing Right Wing Defense Defense
Patrice Bergeron Milan Lucic Jakob Silfverberg Cam Barker Mark Fistric
Goaltenders
Starting : Frederik Andersen
Backup : Mike Condon
Extra Forwards
Normal : Artem Anisimov, Matt Read, Chris Bourque - PP : Artem Anisimov, Matt Read - PK : Chris Bourque
Extra Defensemen
Normal : Alexei Emelin, Patrik Nemeth, Matt Greene - PP : Alexei Emelin - PK : Patrik Nemeth, Matt Greene
Penalty Shots
Milan Lucic, Patrice Bergeron, Jakob Silfverberg, Kyle Okposo, James Neal
Scratches
Magnus Paajarvi-Svensson (Healthy), Luke Schenn (Left Eye Injury)
Canucks
5 vs 5 Forward
Center Left Wing Right Wing Time % Phy DF OF
1 Robert Nilsson Jack Skille Kurtis Foster 40 1 2 2
2 Jonathan Blum Jason Zucker Jeremy Morin 30 1 2 2
3 Brandon Sutter Pierre-Luc Létourneau Colton Gillies 20 1 2 2
4 Marc Savard Drew Fata Tyler Toffoli 10 1 2 2
5 vs 5 Defense
Defense Defense Time % Phy DF OF
1 Jamie McBain Drew Fata 40 1 2 2
2 Colton Gillies Jordie Benn 30 1 2 2
3 Jonathan Blum Theo Peckham 20 1 2 2
4 Jordie Benn Andy Rogers 10 1 2 2
PowerPlay Forward
Center Left Wing Right Wing Time % Phy DF OF
1 Robert Nilsson Loui Eriksson Tyler Toffoli 60 1 2 2
2 Marc Savard Jason Zucker Jeremy Morin 40 1 2 2
PowerPlay Defense
Defense Defense Time % Phy DF OF
1 Jamie McBain Drew Fata 60 1 2 2
2 Andy Rogers Kurtis Foster 40 1 2 2
Penalty Kill 4 Players Forward
Center Wing Time % Phy DF OF
1 Robert Nilsson Marc Savard 60 1 2 2
2 Loui Eriksson Brandon Sutter 40 1 2 2
Penalty Kill 4 Players Defense
Defense Defense Time % Phy DF OF
1 Jamie McBain Drew Fata 60 1 2 2
2 Andy Rogers Kurtis Foster 40 1 2 2
Penalty Kill - 3 Players Forward
Forward Time % Phy DF OF
1 Robert Nilsson 60 1 2 2
2 Marc Savard 40 1 2 2
Penalty Kill - 3 Players Defense
Defense Defense Time % Phy DF OF
1 Jamie McBain Drew Fata 60 1 2 2
2 Andy Rogers Kurtis Foster 40 1 2 2
4 vs 4 Forward
Center Wing Time % Phy DF OF
1 Robert Nilsson Marc Savard 60 1 2 2
2 Loui Eriksson Brandon Sutter 40 1 2 2
4 vs 4 Defense
Defense Defense Time % Phy DF OF
1 Jamie McBain Drew Fata 60 1 2 2
2 Andy Rogers Kurtis Foster 40 1 2 2
Last Minutes Offensive
Center Left Wing Right Wing Defense Defense
Robert Nilsson Loui Eriksson Tyler Toffoli Jamie McBain Drew Fata
Last Minutes Defensive
Center Left Wing Right Wing Defense Defense
Robert Nilsson Loui Eriksson Tyler Toffoli Jamie McBain Drew Fata
Goaltenders
Starting : Martin Jones
Backup : Jacob Markstrom
Extra Forwards
Normal : Pierre-Luc Létourneau, Colton Gillies, Jack Skille - PP : Pierre-Luc Létourneau, Colton Gillies - PK : Jack Skille
Extra Defensemen
Normal : Jonathan Blum, Theo Peckham, Jordie Benn - PP : Jonathan Blum - PK : Theo Peckham, Jordie Benn
Penalty Shots
Robert Nilsson, Marc Savard, Loui Eriksson, Brandon Sutter, Tyler Toffoli
Scratches
Patrick Eaves (Healthy)
% Time on Ice - Rangers
Lines # - Real PCT - Wanted PCT - Time Play
Normal Forward
1 - 32% - 40% - 14:31
2 - 33% - 30% - 15:19
3 - 23% - 20% - 10:39
4 - 12% - 10% - 5:36
Normal Defense
1 - 39% - 40% - 17:47
2 - 31% - 30% - 14:09
3 - 29% - 20% - 13:16
4 - 2% - 10% - 0:53
PP Forward
1 - 52% - 60% - 4:12
2 - 48% - 40% - 3:52
PP Defense
1 - 63% - 60% - 5:05
2 - 37% - 40% - 2:59
PK Forward
1 - 81% - 60% - 3:46
2 - 19% - 40% - 0:54
PK Defense
1 - 61% - 60% - 2:50
2 - 39% - 40% - 1:50
PK3 Forward
1 - 0% - 60%
2 - 0% - 40%
PK3 Defense
1 - 0% - 60%
2 - 0% - 40%
44 Forward
1 - 0% - 60%
2 - 0% - 40%
44 Defense
1 - 0% - 60%
2 - 0% - 40%
Last Minute Offensive - 1:11
Last Minute Defensive - 0:00
Total
Forward - 60:00
Defense - 60:00
|
% Time on Ice - Canucks
Lines # - Real PCT - Wanted PCT - Time Play
Normal Forward
1 - 36% - 40% - 16:44
2 - 30% - 30% - 13:55
3 - 18% - 20% - 8:30
4 - 15% - 10% - 7:00
Normal Defense
1 - 37% - 40% - 17:17
2 - 27% - 30% - 12:17
3 - 22% - 20% - 10:02
4 - 14% - 10% - 6:33
PP Forward
1 - 61% - 60% - 2:52
2 - 39% - 40% - 1:48
PP Defense
1 - 51% - 60% - 2:24
2 - 49% - 40% - 2:16
PK Forward
1 - 73% - 60% - 5:52
2 - 27% - 40% - 2:12
PK Defense
1 - 57% - 60% - 4:36
2 - 43% - 40% - 3:28
PK3 Forward
1 - 0% - 60%
2 - 0% - 40%
PK3 Defense
1 - 0% - 60%
2 - 0% - 40%
44 Forward
1 - 0% - 60%
2 - 0% - 40%
44 Defense
1 - 0% - 60%
2 - 0% - 40%
Last Minute Offensive - 0:00
Last Minute Defensive - 1:07
Total
Forward - 60:00
Defense - 60:00
|
Play-by-Play
1st period
0:01 of 1st period - Patrice Bergeron wins face-off versus Robert Nilsson in neutral zone.
0:04 of 1st period - Snap shot by Jakob Silfverberg.
0:04 of 1st period - Stopped by Martin Jones with a rebound.
0:06 of 1st period - Snap shot by Mark Fistric.
0:06 of 1st period - Stopped by Martin Jones without a rebound.
0:07 of 1st period - Robert Nilsson wins face-off versus Patrice Bergeron in Canucks zone.
0:18 of 1st period - Slapshot by Kurtis Foster.
0:18 of 1st period - Stopped by Frederik Andersen with a rebound.
0:26 of 1st period - Drew Fata is hit by Milan Lucic and loses puck.
0:49 of 1st period - Wrist shot by Milan Lucic.
0:49 of 1st period - Stopped by Martin Jones without a rebound.
0:50 of 1st period - Jonathan Blum wins face-off versus Sean Couturier in Canucks zone.
1:36 of 1st period - Off-side.
1:37 of 1st period - Marc Savard wins face-off versus Maxime Sauvé in neutral zone.
3:37 of 1st period - Slapshot by Cam Barker.
3:37 of 1st period - Shot Blocked by Drew Fata.
4:30 of 1st period - Icing by Patrik Nemeth.
4:31 of 1st period - Robert Nilsson wins face-off versus Sean Couturier in Rangers zone.
5:20 of 1st period - Snap shot by Marc Savard.
5:20 of 1st period - Deflect By Drew Fata.
5:20 of 1st period - Shot Hit the Post.
5:20 of 1st period - Puck is out of play.
5:21 of 1st period - Tyler Toffoli wins face-off versus Sean Couturier in Rangers zone.
5:24 of 1st period - Wrist shot by Tyler Toffoli.
5:24 of 1st period - Deflect By Marc Savard.
5:24 of 1st period - Stopped by Frederik Andersen without a rebound.
5:25 of 1st period - Jonathan Blum wins face-off versus Sean Couturier in Rangers zone.
5:28 of 1st period - Slapshot by Jamie McBain.
5:28 of 1st period - Deflect By Jason Zucker.
5:28 of 1st period - Shot Hit the Post.
5:28 of 1st period - Puck is out of play.
5:29 of 1st period - Sean Couturier wins face-off versus Jonathan Blum in Rangers zone.
5:34 of 1st period - Snap shot by James Neal.
5:34 of 1st period - Stopped by Martin Jones with a rebound.
6:06 of 1st period - Snap shot by Brandon Sutter.
6:06 of 1st period - Goal by Brandon Sutter - Rangers : 0 - Canucks : 1.
6:07 of 1st period - Patrice Bergeron wins face-off versus Pierre-Luc Létourneau in neutral zone.
6:12 of 1st period - Slapshot by Jason Zucker.
6:12 of 1st period - Shot Blocked by Mark Fistric.
6:22 of 1st period - Snap shot by Milan Lucic.
6:22 of 1st period - Deflect By Patrice Bergeron.
6:22 of 1st period - Shot Blocked by Jonathan Blum.
6:22 of 1st period - Puck is out of play.
6:23 of 1st period - Sean Couturier wins face-off versus Robert Nilsson in Canucks zone.
6:24 of 1st period - Snap shot by James Neal.
6:24 of 1st period - Stopped by Martin Jones with a rebound.
6:28 of 1st period - Wrist shot by James Neal.
6:28 of 1st period - Deflect By Sean Couturier.
6:28 of 1st period - Shot Blocked by Kurtis Foster.
6:28 of 1st period - Puck is out of play.
6:29 of 1st period - Robert Nilsson wins face-off versus Sean Couturier in Canucks zone.
6:56 of 1st period - Slapshot by Jason Zucker.
6:56 of 1st period - Stopped by Frederik Andersen with a rebound.
7:24 of 1st period - Snap shot by Chris Bourque.
7:24 of 1st period - Deflect By Tomas Hertl.
7:24 of 1st period - Shot Misses the Net.
7:24 of 1st period - Puck is out of play.
7:25 of 1st period - Robert Nilsson wins face-off versus Sean Couturier in Canucks zone.
7:30 of 1st period - Snap shot by Jamie McBain.
7:30 of 1st period - Shot Blocked by Kyle Okposo.
7:40 of 1st period - Snap shot by Robert Nilsson.
7:40 of 1st period - Shot Blocked by Sean Couturier.
7:42 of 1st period - Slapshot by Jamie McBain.
7:42 of 1st period - Stopped by Frederik Andersen with a rebound.
8:16 of 1st period - Tomas Hertl is hit by Tyler Toffoli and loses puck.
9:21 of 1st period - Off-side.
9:22 of 1st period - Marc Savard wins face-off versus Tomas Hertl in neutral zone.
10:38 of 1st period - Minor Penalty to Jeremy Morin for Holding.
10:39 of 1st period - Robert Nilsson wins face-off versus Patrice Bergeron in Canucks zone.
11:38 of 1st period - Andy Rogers is hit by Kyle Okposo and loses puck.
11:49 of 1st period - Jakob Silfverberg is hit by Andy Rogers and loses puck.
12:38 of 1st period - Penalty to Jeremy Morin is over, Jeremy Morin is back on ice.
12:43 of 1st period - Snap shot by Jakob Silfverberg.
12:43 of 1st period - Stopped by Martin Jones with a rebound.
12:45 of 1st period - Snap shot by Tomas Hertl.
12:45 of 1st period - Shot Misses the Net.
12:47 of 1st period - Snap shot by Matt Read.
12:47 of 1st period - Shot Blocked by Jamie McBain.
12:49 of 1st period - Slapshot by Patrik Nemeth.
12:49 of 1st period - Deflect By Chris Bourque.
12:49 of 1st period - Shot Misses the Net.
12:49 of 1st period - Puck is out of play.
12:50 of 1st period - Tomas Hertl wins face-off versus Jonathan Blum in Canucks zone.
12:59 of 1st period - Wrist shot by Chris Bourque.
12:59 of 1st period - Shot Blocked by Colton Gillies.
13:13 of 1st period - Wrist shot by Tomas Hertl.
13:13 of 1st period - Shot Misses the Net.
13:34 of 1st period - Icing by Alexei Emelin.
13:35 of 1st period - Robert Nilsson wins face-off versus Maxime Sauvé in Rangers zone.
13:58 of 1st period - Patrik Nemeth is hit by Tyler Toffoli and loses puck.
14:15 of 1st period - Minor Penalty to Sean Couturier for High sticking.
14:16 of 1st period - Milan Lucic wins face-off versus Robert Nilsson in Rangers zone.
14:25 of 1st period - Snap shot by Patrice Bergeron.
14:25 of 1st period - Shot Blocked by Loui Eriksson.
16:01 of 1st period - Icing by Tyler Toffoli.
16:02 of 1st period - Milan Lucic wins face-off versus Robert Nilsson in Canucks zone.
16:15 of 1st period - Penalty to Sean Couturier is over, Sean Couturier is back on ice.
16:29 of 1st period - Snap shot by James Neal.
16:29 of 1st period - Goal by James Neal - Rangers : 1 - Canucks : 1.
16:30 of 1st period - Patrice Bergeron wins face-off versus Robert Nilsson in neutral zone.
16:33 of 1st period - Kurtis Foster is hit by Patrice Bergeron and loses puck.
16:56 of 1st period - Jonathan Blum is hit by Sean Couturier and loses puck.
17:16 of 1st period - Mark Fistric is hit by Pierre-Luc Létourneau and loses puck.
17:34 of 1st period - Mark Fistric is hit by Marc Savard and loses puck.
17:49 of 1st period - Wrist shot by Milan Lucic.
17:49 of 1st period - Shot Blocked by Robert Nilsson.
17:51 of 1st period - Slapshot by Cam Barker.
17:51 of 1st period - Shot Misses the Net.
17:53 of 1st period - Snap shot by Cam Barker.
17:53 of 1st period - Shot Misses the Net.
18:24 of 1st period - Slapshot by Tyler Toffoli.
18:24 of 1st period - Shot Blocked by Matt Read.
Goals for this period are 1 for Rangers vs 1 for Canucks.
Shots for this period are 7 for Rangers vs 5 for Canucks.
2nd period
0:01 of 2nd period - Robert Nilsson wins face-off versus Patrice Bergeron in neutral zone.
0:04 of 2nd period - Slapshot by Jamie McBain.
0:04 of 2nd period - Shot Misses the Net.
0:06 of 2nd period - Wrist shot by Jamie McBain.
0:06 of 2nd period - Stopped by Frederik Andersen with a rebound.
0:08 of 2nd period - Wrist shot by Jack Skille.
0:08 of 2nd period - Shot Misses the Net.
0:10 of 2nd period - Slapshot by Jamie McBain.
0:10 of 2nd period - Deflect By Robert Nilsson.
0:10 of 2nd period - Shot Misses the Net.
0:10 of 2nd period - Puck is out of play.
0:11 of 2nd period - Robert Nilsson wins face-off versus Patrice Bergeron in Rangers zone.
0:16 of 2nd period - Slapshot by Kurtis Foster.
0:16 of 2nd period - Shot Blocked by Cam Barker.
0:18 of 2nd period - Slapshot by Jamie McBain.
0:18 of 2nd period - Shot Misses the Net.
0:20 of 2nd period - Slapshot by Jamie McBain.
0:20 of 2nd period - Deflect By Jack Skille.
0:20 of 2nd period - Shot Misses the Net.
0:20 of 2nd period - Puck is out of play.
0:21 of 2nd period - Robert Nilsson wins face-off versus Patrice Bergeron in Rangers zone.
0:22 of 2nd period - Slapshot by Jamie McBain.
0:22 of 2nd period - Shot Blocked by Mark Fistric.
0:26 of 2nd period - Snap shot by Robert Nilsson.
0:26 of 2nd period - Goal by Robert Nilsson - Rangers : 1 - Canucks : 2.
0:27 of 2nd period - Robert Nilsson wins face-off versus Patrice Bergeron in neutral zone.
0:37 of 2nd period - Minor Penalty to Patrice Bergeron for Hooking.
0:38 of 2nd period - Milan Lucic wins face-off versus Robert Nilsson in Rangers zone.
1:32 of 2nd period - Kurtis Foster is hit by Colten Teubert and loses puck.
2:37 of 2nd period - Penalty to Patrice Bergeron is over, Patrice Bergeron is back on ice.
3:00 of 2nd period - Kurtis Foster is hit by Alexei Emelin and loses puck.
3:24 of 2nd period - Icing by Chris Bourque.
3:25 of 2nd period - Marc Savard wins face-off versus Sean Couturier in Rangers zone.
3:50 of 2nd period - Snap shot by Jakob Silfverberg.
3:50 of 2nd period - Shot Misses the Net.
4:42 of 2nd period - Slapshot by Colten Teubert.
4:42 of 2nd period - Stopped by Martin Jones without a rebound.
4:43 of 2nd period - James Neal wins face-off versus Robert Nilsson in Canucks zone.
4:44 of 2nd period - Snap shot by Kyle Okposo.
4:44 of 2nd period - Shot Misses the Net.
5:04 of 2nd period - Slapshot by Matt Read.
5:04 of 2nd period - Shot Blocked by Jordie Benn.
5:06 of 2nd period - Slapshot by Cam Barker.
5:06 of 2nd period - Stopped by Martin Jones with a rebound.
5:08 of 2nd period - Slapshot by Alexei Emelin.
5:08 of 2nd period - Stopped by Martin Jones without a rebound.
5:09 of 2nd period - Pierre-Luc Létourneau wins face-off versus Patrice Bergeron in Canucks zone.
5:09 of 2nd period - Pierre-Luc Létourneau is hit by Patrice Bergeron.
5:14 of 2nd period - Off-side.
5:15 of 2nd period - Robert Nilsson wins face-off versus Patrice Bergeron in neutral zone.
5:28 of 2nd period - Jakob Silfverberg is hit by Jack Skille and loses puck.
5:38 of 2nd period - Icing by Alexei Emelin.
5:39 of 2nd period - Sean Couturier wins face-off versus Brandon Sutter in Rangers zone.
6:01 of 2nd period - Colton Gillies is hit by Sean Couturier.
6:21 of 2nd period - Wrist shot by James Neal.
6:21 of 2nd period - Stopped by Martin Jones with a rebound.
6:35 of 2nd period - Wrist shot by Pierre-Luc Létourneau.
6:35 of 2nd period - Stopped by Frederik Andersen with a rebound.
6:37 of 2nd period - Minor Penalty to James Neal for Hooking.
6:38 of 2nd period - Robert Nilsson wins face-off versus Milan Lucic in Rangers zone.
7:19 of 2nd period - Wrist shot by Jason Zucker.
7:19 of 2nd period - Goal by Jason Zucker - Rangers : 1 - Canucks : 3.
7:20 of 2nd period - Robert Nilsson wins face-off versus Patrice Bergeron in neutral zone.
7:27 of 2nd period - Snap shot by Robert Nilsson.
7:27 of 2nd period - Stopped by Frederik Andersen without a rebound.
7:28 of 2nd period - Robert Nilsson wins face-off versus Jakob Silfverberg in Rangers zone.
7:37 of 2nd period - Milan Lucic is hit by Kurtis Foster and loses puck.
7:51 of 2nd period - Slapshot by Jakob Silfverberg.
7:51 of 2nd period - Shot Misses the Net.
7:59 of 2nd period - Robert Nilsson is hit by Mark Fistric and loses puck.
8:14 of 2nd period - Jakob Silfverberg is hit by Kurtis Foster and loses puck.
8:31 of 2nd period - Snap shot by Patrice Bergeron.
8:31 of 2nd period - Shot Misses the Net.
8:35 of 2nd period - Wrist shot by Milan Lucic.
8:35 of 2nd period - Shot Misses the Net.
9:05 of 2nd period - Wrist shot by Kurtis Foster.
9:05 of 2nd period - Shot Misses the Net.
9:21 of 2nd period - Slapshot by Jakob Silfverberg.
9:21 of 2nd period - Stopped by Martin Jones without a rebound.
9:22 of 2nd period - Jonathan Blum wins face-off versus Sean Couturier in Canucks zone.
9:33 of 2nd period - Snap shot by James Neal.
9:33 of 2nd period - Shot Misses the Net.
9:35 of 2nd period - Minor Penalty to Jordie Benn for Hooking.
9:36 of 2nd period - Sean Couturier wins face-off versus Loui Eriksson in Canucks zone.
9:39 of 2nd period - Slapshot by Kyle Okposo.
9:39 of 2nd period - Shot Misses the Net.
9:41 of 2nd period - Wrist shot by Sean Couturier.
9:41 of 2nd period - Stopped by Martin Jones with a rebound.
9:43 of 2nd period - Wrist shot by Kyle Okposo.
9:43 of 2nd period - Goal by Kyle Okposo - Rangers : 2 - Canucks : 3.
9:44 of 2nd period - Sean Couturier wins face-off versus Jonathan Blum in neutral zone.
9:53 of 2nd period - Jason Zucker is hit by Kyle Okposo and loses puck.
10:10 of 2nd period - Chris Bourque is hit by Colton Gillies and loses puck.
10:21 of 2nd period - Snap shot by Tyler Toffoli.
10:21 of 2nd period - Shot Misses the Net.
10:23 of 2nd period - Slapshot by Tyler Toffoli.
10:23 of 2nd period - Shot Blocked by Colten Teubert.
10:35 of 2nd period - Maxime Sauvé is hit by Jason Zucker and loses puck.
11:12 of 2nd period - Slapshot by Matt Greene.
11:12 of 2nd period - Deflect By Jonathan Blum.
11:12 of 2nd period - Stopped by Martin Jones with a rebound.
11:14 of 2nd period - Wrist shot by Chris Bourque.
11:14 of 2nd period - Goal by Chris Bourque - Rangers : 3 - Canucks : 3.
11:15 of 2nd period - Jack Skille wins face-off versus Patrice Bergeron in neutral zone.
11:29 of 2nd period - Minor Penalty to Colton Gillies for Hooking.
11:30 of 2nd period - Robert Nilsson wins face-off versus Patrice Bergeron in Canucks zone.
12:26 of 2nd period - Loui Eriksson is hit by Milan Lucic.
13:21 of 2nd period - Milan Lucic is hit by Loui Eriksson and loses puck.
13:29 of 2nd period - Penalty to Colton Gillies is over, Colton Gillies is back on ice.
14:01 of 2nd period - Slapshot by Jamie McBain.
14:01 of 2nd period - Shot Misses the Net.
14:03 of 2nd period - Snap shot by Colton Gillies.
14:03 of 2nd period - Shot Blocked by Alexei Emelin.
14:05 of 2nd period - Snap shot by Brandon Sutter.
14:05 of 2nd period - Goal by Brandon Sutter - Rangers : 3 - Canucks : 4.
14:06 of 2nd period - Robert Nilsson wins face-off versus Sean Couturier in neutral zone.
14:09 of 2nd period - Slapshot by Jordie Benn.
14:09 of 2nd period - Deflect By Robert Nilsson.
14:09 of 2nd period - Shot Misses the Net.
14:09 of 2nd period - Puck is out of play.
14:10 of 2nd period - Sean Couturier wins face-off versus Robert Nilsson in Rangers zone.
14:24 of 2nd period - Backhand shot by Kyle Okposo.
14:24 of 2nd period - Goal by Kyle Okposo - Rangers : 4 - Canucks : 4.
14:25 of 2nd period - Jonathan Blum wins face-off versus Patrice Bergeron in neutral zone.
14:55 of 2nd period - Off-side.
14:56 of 2nd period - Robert Nilsson wins face-off versus Sean Couturier in neutral zone.
15:03 of 2nd period - Snap shot by Kurtis Foster.
15:03 of 2nd period - Shot Blocked by Kyle Okposo.
15:09 of 2nd period - Slapshot by James Neal.
15:09 of 2nd period - Stopped by Martin Jones without a rebound.
15:10 of 2nd period - Jonathan Blum wins face-off versus Patrice Bergeron in Canucks zone.
15:10 of 2nd period - Jonathan Blum is hit by Milan Lucic.
15:18 of 2nd period - Wrist shot by Jonathan Blum.
15:18 of 2nd period - Shot Misses the Net.
15:20 of 2nd period - Snap shot by Jeremy Morin.
15:20 of 2nd period - Shot Blocked by Cam Barker.
15:45 of 2nd period - Wrist shot by James Neal.
15:45 of 2nd period - Stopped by Martin Jones with a rebound.
15:47 of 2nd period - Snap shot by Kyle Okposo.
15:47 of 2nd period - Stopped by Martin Jones with a rebound.
15:49 of 2nd period - Wrist shot by James Neal.
15:49 of 2nd period - Stopped by Martin Jones without a rebound.
15:50 of 2nd period - Jonathan Blum wins face-off versus Tomas Hertl in Canucks zone.
15:57 of 2nd period - Slapshot by Drew Fata.
15:57 of 2nd period - Deflect By Tomas Hertl.
15:57 of 2nd period - Stopped by Frederik Andersen with a rebound.
16:15 of 2nd period - Robert Nilsson is hit by Matt Greene and loses puck.
16:40 of 2nd period - Slapshot by Milan Lucic.
16:40 of 2nd period - Shot Misses the Net.
16:42 of 2nd period - Wrist shot by Patrice Bergeron.
16:42 of 2nd period - Stopped by Martin Jones without a rebound.
16:43 of 2nd period - Jonathan Blum wins face-off versus Patrice Bergeron in Canucks zone.
17:09 of 2nd period - Slapshot by Kyle Okposo.
17:09 of 2nd period - Shot Misses the Net.
17:11 of 2nd period - Slapshot by Mark Fistric.
17:11 of 2nd period - Stopped by Martin Jones with a rebound.
17:13 of 2nd period - Snap shot by James Neal.
17:13 of 2nd period - Stopped by Martin Jones without a rebound.
17:14 of 2nd period - Sean Couturier wins face-off versus Jonathan Blum in Canucks zone.
17:17 of 2nd period - Wrist shot by James Neal.
17:17 of 2nd period - Stopped by Martin Jones with a rebound.
17:19 of 2nd period - Slapshot by Colten Teubert.
17:19 of 2nd period - Stopped by Martin Jones without a rebound.
17:20 of 2nd period - Patrice Bergeron wins face-off versus Jonathan Blum in Canucks zone.
17:23 of 2nd period - Snap shot by Jakob Silfverberg.
17:23 of 2nd period - Stopped by Martin Jones with a rebound.
17:35 of 2nd period - Snap shot by Jakob Silfverberg.
17:35 of 2nd period - Shot Misses the Net.
19:07 of 2nd period - Snap shot by Jakob Silfverberg.
19:07 of 2nd period - Shot Blocked by Jonathan Blum.
19:48 of 2nd period - Slapshot by Jeremy Morin.
19:48 of 2nd period - Goal by Jeremy Morin - Rangers : 4 - Canucks : 5.
19:49 of 2nd period - Sean Couturier wins face-off versus Brandon Sutter in neutral zone.
Goals for this period are 3 for Rangers vs 4 for Canucks.
Shots for this period are 20 for Rangers vs 8 for Canucks.
3rd period
0:01 of 3rd period - Robert Nilsson wins face-off versus Patrice Bergeron in neutral zone.
0:04 of 3rd period - Snap shot by Jordie Benn.
0:04 of 3rd period - Stopped by Frederik Andersen without a rebound.
0:05 of 3rd period - Patrice Bergeron wins face-off versus Robert Nilsson in Rangers zone.
0:41 of 3rd period - Off-side.
0:42 of 3rd period - James Neal wins face-off versus Jonathan Blum in neutral zone.
0:57 of 3rd period - Jamie McBain is hit by Colten Teubert and loses puck.
1:08 of 3rd period - Chris Bourque is hit by Colton Gillies and loses puck.
1:23 of 3rd period - Brandon Sutter is hit by Tomas Hertl and loses puck.
2:17 of 3rd period - Snap shot by Milan Lucic.
2:17 of 3rd period - Stopped by Martin Jones without a rebound.
2:18 of 3rd period - Tomas Hertl wins face-off versus Pierre-Luc Létourneau in Canucks zone.
2:43 of 3rd period - Jack Skille is hit by Sean Couturier and loses puck.
3:15 of 3rd period - Snap shot by Tyler Toffoli.
3:15 of 3rd period - Stopped by Frederik Andersen with a rebound.
3:21 of 3rd period - Jakob Silfverberg is hit by Theo Peckham and loses puck.
3:33 of 3rd period - Minor Penalty to Jonathan Blum for Hooking.
3:34 of 3rd period - Sean Couturier wins face-off versus Robert Nilsson in Canucks zone.
3:45 of 3rd period - Snap shot by Kyle Okposo.
3:45 of 3rd period - Stopped by Martin Jones without a rebound.
3:46 of 3rd period - Robert Nilsson wins face-off versus Patrice Bergeron in Canucks zone.
4:13 of 3rd period - Marc Savard is hit by Sean Couturier and loses puck.
5:21 of 3rd period - Icing by Cam Barker.
5:22 of 3rd period - Robert Nilsson wins face-off versus Sean Couturier in Rangers zone.
5:33 of 3rd period - Penalty to Jonathan Blum is over, Jonathan Blum is back on ice.
6:05 of 3rd period - Maxime Sauvé is hit by Jordie Benn and loses puck.
6:22 of 3rd period - Colten Teubert is hit by Tyler Toffoli and loses puck.
7:10 of 3rd period - Patrik Nemeth is hit by Colton Gillies and loses puck.
7:23 of 3rd period - Steve Quailer is hit by Jason Zucker and loses puck.
7:38 of 3rd period - Jack Skille is hit by Kyle Okposo and loses puck.
7:56 of 3rd period - Jordie Benn is hit by Matt Read.
8:20 of 3rd period - Brandon Sutter is hit by Kyle Okposo and loses puck.
10:31 of 3rd period - Maxime Sauvé is hit by Pierre-Luc Létourneau and loses puck.
11:29 of 3rd period - Patrik Nemeth is hit by Marc Savard and loses puck.
11:49 of 3rd period - Icing by Jordie Benn.
11:50 of 3rd period - Patrice Bergeron wins face-off versus Brandon Sutter in Canucks zone.
11:51 of 3rd period - Snap shot by Jakob Silfverberg.
11:51 of 3rd period - Stopped by Martin Jones without a rebound.
11:52 of 3rd period - Tomas Hertl wins face-off versus Robert Nilsson in Canucks zone.
12:01 of 3rd period - Wrist shot by Chris Bourque.
12:01 of 3rd period - Shot Blocked by Jamie McBain.
12:03 of 3rd period - Slapshot by Matt Read.
12:03 of 3rd period - Stopped by Martin Jones with a rebound.
13:19 of 3rd period - Snap shot by Patrice Bergeron.
13:19 of 3rd period - Deflect By Milan Lucic.
13:19 of 3rd period - Stopped by Martin Jones with a rebound.
13:21 of 3rd period - Slapshot by Colten Teubert.
13:21 of 3rd period - Shot Blocked by Theo Peckham.
13:23 of 3rd period - Slapshot by Jakob Silfverberg.
13:23 of 3rd period - Shot Blocked by Jeremy Morin.
14:19 of 3rd period - Off-side.
14:20 of 3rd period - Maxime Sauvé wins face-off versus Kurtis Foster in neutral zone.
14:30 of 3rd period - Minor Penalty to Colton Gillies for Tripping.
14:31 of 3rd period - Robert Nilsson wins face-off versus Patrice Bergeron in Canucks zone.
14:43 of 3rd period - Wrist shot by Milan Lucic.
14:43 of 3rd period - Shot Misses the Net.
15:09 of 3rd period - Slapshot by Mark Fistric.
15:09 of 3rd period - Stopped by Martin Jones with a rebound.
16:04 of 3rd period - Marc Savard is hit by Colten Teubert and loses puck.
16:30 of 3rd period - Penalty to Colton Gillies is over, Colton Gillies is back on ice.
18:17 of 3rd period - Drew Fata is hit by Alexei Emelin and loses puck.
19:08 of 3rd period - Snap shot by Jordie Benn.
19:08 of 3rd period - Stopped by Frederik Andersen without a rebound.
19:09 of 3rd period - Michel Therrien call a timeout for Rangers.
19:09 of 3rd period - Robert Nilsson wins face-off versus Patrice Bergeron in Rangers zone.
19:16 of 3rd period - Rangers, Frederik Andersen is pulled from the net.
Goals for this period are 0 for Rangers vs 0 for Canucks.
Shots for this period are 6 for Rangers vs 3 for Canucks.
Back to the Top